 Dungeon Crawl Stone Soup version 0.31-a0-164-g2312942fda (webtiles) character file.

Game seed: 17234139158093003753

719 qw the Shooter (level 7, -2/64 HPs)
             Began as a Naga Hunter on June 13, 2023.
             Slain by an ice beast (7 damage)
             ... on level 5 of the Dungeon.
             The game lasted 00:01:18 (3862 turns).

qw the Shooter (Naga Hunter)                        Turns: 3862, Time: 00:01:19

Health: -2/64      AC:  6    Str: 14    XL:     7   Next: 70%
Magic:  7/7        EV: 10    Int:  9    God:
Gold:   128        SH:  0    Dex: 22    Spells: 6/6 levels left

rFire   + . .        Y - +3 shortbow
rCold   + . .        (shield currently unavailable)
rNeg    . . .        p - +0 leather armour {rC+}
rPois   +            (no helmet)
rElec   .            e - +0 cloak
rCorr   .            b - +0 pair of gloves
SInv    +            (no barding)
Will    .....        (no amulet)
Stlth   ++           d - ring of protection from fire
HPRegen 0.30/turn    m - +6 ring of dexterity
MPRegen 0.10/turn

%: no passive effects
@: short of breath, very slow
A: AC +2, large, see invisible, deformed body, poison resistance, slowness 2,
spit poison 1, naga tail 1
a: Spit Poison


You were on level 5 of the Dungeon.
You visited 1 branch of the dungeon, and saw 5 of its levels.

You collected 298 gold pieces.
You spent 170 gold pieces at shops.


Innate Abilities, Weirdness & Mutations

Your serpentine skin is tough. (AC +2)
You have supernaturally acute eyesight. (SInv)
Armour fits poorly on your strangely shaped body.
Your system is resistant to poisons. (rPois)
You cover ground very slowly.
You can spit poison.
You have a snake-like lower body.


   Skills:
 - Level 4.0 Fighting
 + Level 7.3 Ranged Weapons
 - Level 1.1 Armour
 - Level 2.2 Dodging
 - Level 1.5 Stealth


You had 6 spell levels left.
You didn't know any spells.
Your spell library was empty.

Inventory:

Hand Weapons
 Y - a +3 shortbow (weapon)
Armour
 b - a +0 pair of gloves (worn)
 e - a +0 cloak (worn)
 h - the scarf of the Bulwark {repulsion, -Tele rC- rN++ Str+10}
   (You bought it in a shop on level 4 of the Dungeon)

   Str:       It affects your strength (+10).
   rC:        It makes you vulnerable to cold.
   rN:        It greatly protects you from negative energy.
   -Tele:     It prevents most forms of teleportation.
 p - a +0 leather armour of cold resistance (worn)
Jewellery
 d - a ring of protection from fire (left hand)
 m - a +6 ring of dexterity (right hand)
Wands
 k - a wand of digging (7)
Scrolls
 l - a scroll of identify
Potions
 a - a potion of lignification {unknown}
 f - a potion of invisibility {unknown}
 g - a potion of cancellation {unknown}
 i - a potion of curing {unknown}
 j - a potion of haste {unknown}

Dungeon Overview and Level Annotations

Branches:
Dungeon (5/15)
 Temple: D:4-7

Altars:

Shops:
D:4 [


Message History

You shoot an arrow. The arrow hits the orc.
You kill the orc!
A gnoll comes into view. It is wielding a +0 halberd.
You shoot an arrow. The gnoll shouts!
The arrow hits the iguana!
The iguana is heavily wounded.
You hear a shout! x2
You shoot an arrow. The arrow hits the iguana!
You kill the iguana!
The ufetubus barely misses you. The ufetubus hits you.
The ufetubus misses you. x2
You shoot an arrow. The arrow hits the ufetubus!
You kill the ufetubus!
You have got your breath back.
A gnoll bouda comes into view. It is wielding a +0 whip.
3858 ||| INVOKING Spit Poison.
Aiming: Spit Poison (1% risk of failure)
Press: ? - help, Shift-Dir - straight line, f - gnoll The splash of poison hits the gnoll!
The gnoll is poisoned.
The gnoll is heavily wounded.
You shoot an arrow.
The arrow hits the ice beast but does no damage.
A gnoll comes into view. It is wielding a +0 whip.
You shoot an arrow. The arrow hits the ice beast!
The ice beast is moderately wounded.
You have got your breath back.
The ice beast barely misses you. The gnoll closely misses you.
3861 ||| INVOKING Spit Poison.
Aiming: Spit Poison (1% risk of failure)
Press: ? - help, Shift-Dir - straight line, f - gnoll, p - ice beast The splash of poison hits the gnoll.
You kill the gnoll!
The ice beast hits you but does no damage.
A gnoll comes into view. It is wielding a +0 flail.
You shoot an arrow. The gnoll shouts!
The arrow hits the ice beast but does no damage.
The ice beast is moderately wounded.
The ice beast hits you. The ice beast freezes you! You resist.
You die...

#. !} .# ..##g. !#
.# ......# # 5#
#.## .....g#.
.#...#
......#####%.#
#..........#
...... #..)#....##
....... ##.g)%####
......# #.@Y.#
##......# ##...##
#......#
#....#####......#
#..............##
#..###...........#
#..##
#####.......# ...#
##......# ##..
#......## #. #
###........


You could see an ice beast, a gnoll bouda and 2 gnolls.

Vanquished Creatures
  A black bear (D:4)
  An ice beast (D:5)
  A scorpion (D:5)
  4 hounds
  A jelly (D:5)
  3 iguanas
  2 orc wizards (D:3)
  6 gnolls
  4 adders
  An ufetubus (D:5)
  3 worms
  2 dart slugs (D:4)
  12 orcs
  2 bats
  8 endoplasms
  3 giant cockroaches
  7 goblins
  3 hobgoblins
  9 jackals
  6 kobolds
  2 quokkas
  4 ball pythons
  A frilled lizard (D:3)
  3 rats
89 creatures vanquished.

Notes
Turn   | Place    | Note
-------+----------+-------------------------------------------
     0 | D:1      | qw the Naga Hunter began the quest for the Orb.
     0 | D:1      | Reached XP level 1. HP: 19/19 MP: 1/1
     0 | D:1      | 0 ||| qw: Version: 0.2-a-29-gc1b59c4
     0 | D:1      | 0 ||| qw: Game counter: 4487
     0 | D:1      | 0 ||| qw: Always use a shield: true
     0 | D:1      | 0 ||| qw: God list: Okawaru
     0 | D:1      | 0 ||| qw: Allow faded altars: false
     0 | D:1      | 0 ||| qw: Do Orc after D:15 true
     0 | D:1      | 0 ||| qw: Do second Lair branch before Depths: true
     0 | D:1      | 0 ||| qw: Lair rune preference: random
     0 | D:1      | 0 ||| qw: Plans: Normal
     0 | D:1      | 0 ||| PLANNING D:1-11
   171 | D:1      | 171 ||| INVOKING Spit Poison.
   182 | D:1      | 182 ||| INVOKING Spit Poison.
   219 | D:1      | 219 ||| INVOKING Spit Poison.
   220 | D:1      | Reached skill level 4 in Ranged Weapons
   220 | D:1      | Reached XP level 2. HP: 26/26 MP: 2/2
   304 | D:1      | 304 ||| INVOKING Spit Poison.
   474 | D:1      | 474 ||| INVOKING Spit Poison.
   503 | D:1      | 503 ||| INVOKING Spit Poison.
   540 | D:1      | 540 ||| INVOKING Spit Poison.
   611 | D:1      | 611 ||| INVOKING Spit Poison.
   803 | D:1      | 803 ||| READING scroll labelled KEKKECOTIE.
   804 | D:1      | 804 ||| READING scroll labelled EGIODO YMAGUZI.
   805 | D:1      | 805 ||| READING scroll labelled JEACRANUST.
   808 | D:1      | 808 ||| READING scroll labelled ZUILAQ GOMIDOUGRU.
   809 | D:1      | 809 ||| DROPPING scroll of butterflies.
   835 | D:2      | 835 ||| INVOKING Spit Poison.
   837 | D:2      | Reached XP level 3. HP: 32/32 MP: 3/3
   839 | D:2      | 839 ||| INVOKING Spit Poison.
   842 | D:2      | 842 ||| STAIRDANCE
   844 | D:1      | 844 ||| INVOKING Spit Poison.
   935 | D:2      | 935 ||| INVOKING Spit Poison.
   943 | D:2      | 943 ||| INVOKING Spit Poison.
   944 | D:2      | Reached skill level 5 in Ranged Weapons
   971 | D:2      | Reached XP level 4. HP: 39/39 MP: 4/4
   999 | D:2      | 999 ||| INVOKING Spit Poison.
  1023 | D:2      | 1023 ||| INVOKING Spit Poison.
  1056 | D:2      | 1056 ||| INVOKING Spit Poison.
  1163 | D:2      | 1163 ||| INVOKING Spit Poison.
  1256 | D:2      | 1256 ||| INVOKING Spit Poison.
  1304 | D:2      | 1304 ||| INVOKING Spit Poison.
  1345 | D:2      | 1345 ||| UPGRADING to +0 pair of gloves.
  1350 | D:2      | 1350 ||| UPGRADING to +0 cloak.
  1355 | D:2      | 1355 ||| DROPPING amulet of magic regeneration.
  1356 | D:2      | 1356 ||| UPGRADING to ring of protection from fire.
  1357 | D:2      | 1357 ||| READING scroll labelled ZACIKU WERUTS.
  1375 | D:3      | 1375 ||| INVOKING Spit Poison.
  1379 | D:3      | 1379 ||| INVOKING Spit Poison.
  1385 | D:3      | 1385 ||| INVOKING Spit Poison.
  1392 | D:3      | 1392 ||| INVOKING Spit Poison.
  1422 | D:3      | 1422 ||| INVOKING Spit Poison.
  1424 | D:3      | Reached skill level 3 in Fighting
  1538 | D:3      | 1538 ||| INVOKING Spit Poison.
  1548 | D:3      | 1548 ||| INVOKING Spit Poison.
  1553 | D:3      | 1553 ||| Stepping ~*~*~tactically~*~*~ (outnumbered).
  1554 | D:3      | 1554 ||| INVOKING Spit Poison.
  1559 | D:3      | 1559 ||| INVOKING Spit Poison.
  1560 | D:3      | Reached XP level 5. HP: 49/49 MP: 5/5
  1562 | D:3      | 1562 ||| INVOKING Spit Poison.
  1620 | D:3      | 1620 ||| INVOKING Spit Poison.
  1625 | D:3      | 1625 ||| INVOKING Spit Poison.
  1635 | D:3      | 1635 ||| INVOKING Spit Poison.
  1792 | D:3      | 1792 ||| INVOKING Spit Poison.
  1797 | D:3      | 1797 ||| INVOKING Spit Poison.
  1801 | D:3      | 1801 ||| INVOKING Spit Poison.
  2033 | D:3      | 2033 ||| INVOKING Spit Poison.
  2051 | D:3      | 2051 ||| INVOKING Spit Poison.
  2057 | D:3      | 2057 ||| INVOKING Spit Poison.
  2095 | D:3      | 2095 ||| INVOKING Spit Poison.
  2178 | D:3      | 2178 ||| INVOKING Spit Poison.
  2195 | D:3      | 2195 ||| INVOKING Spit Poison.
  2202 | D:3      | 2202 ||| INVOKING Spit Poison.
  2423 | D:3      | 2423 ||| INVOKING Spit Poison.
  2458 | D:3      | 2458 ||| READING 4 scrolls labelled UNELIWKI MU INI.
  2559 | D:3      | 2559 ||| DROPPING 3 scrolls of silence.
  2566 | D:4      | Found Esank's Antique Armour Emporium.
  2570 | D:4      | 2570 ||| BUYING faintly humming scarf (170 gold).
  2570 | D:4      | Bought a faintly humming scarf for 170 gold pieces
  2570 | D:4      | Identified the scarf of the Bulwark {repulsion, -Tele rC-
                  | rN++ Str+10} (You bought it in a shop on level 4 of the
                  | Dungeon)
  2570 | D:4      | 2570 ||| SHOPLISTING glowing barding (442 gold, have 54).
  2570 | D:4      | 2570 ||| SHOPLISTING glowing leather armour (85 gold, have
                  | 54).
  2581 | D:4      | 2581 ||| INVOKING Spit Poison.
  2627 | D:4      | 2627 ||| INVOKING Spit Poison.
  2634 | D:4      | Reached skill level 6 in Ranged Weapons
  2687 | D:4      | 2687 ||| INVOKING Spit Poison.
  2697 | D:4      | Noticed a black bear
  2698 | D:4      | 2698 ||| INVOKING Spit Poison.
  2699 | D:4      | Reached XP level 6. HP: 56/56 MP: 6/6
  2704 | D:4      | 2704 ||| INVOKING Spit Poison.
  2711 | D:4      | 2711 ||| INVOKING Spit Poison.
  2711 | D:4      | Killed a black bear
  2886 | D:4      | 2886 ||| INVOKING Spit Poison.
  2915 | D:4      | 2915 ||| INVOKING Spit Poison.
  2918 | D:4      | 2918 ||| INVOKING Spit Poison.
  2940 | D:4      | 2940 ||| INVOKING Spit Poison.
  2955 | D:4      | 2955 ||| INVOKING Spit Poison.
  2961 | D:4      | 2961 ||| INVOKING Spit Poison.
  2964 | D:4      | 2964 ||| INVOKING Spit Poison.
  2968 | D:4      | 2968 ||| INVOKING Spit Poison.
  2971 | D:4      | 2971 ||| INVOKING Spit Poison.
  2975 | D:4      | 2975 ||| INVOKING Spit Poison.
  2978 | D:4      | 2978 ||| INVOKING Spit Poison.
  3123 | D:4      | 3123 ||| INVOKING Spit Poison.
  3126 | D:4      | 3126 ||| INVOKING Spit Poison.
  3376 | D:4      | 3376 ||| INVOKING Spit Poison.
  3527 | D:4      | 3527 ||| UPGRADING to +0 leather armour of cold resistance.
  3537 | D:4      | 3537 ||| DROPPING +0 leather armour.
  3538 | D:4      | 3538 ||| UPGRADING to +6 ring of dexterity.
  3539 | D:4      | 3539 ||| READING scroll labelled TIVITT WOITAB.
  3540 | D:4      | 3540 ||| READING 3 scrolls labelled ESSIABBUOM.
  3541 | D:4      | 3541 ||| READING 2 scrolls of enchant weapon.
  3541 | D:4      | 3541 ||| ENCHANTING +1 shortbow.
  3542 | D:4      | 3542 ||| READING scroll of enchant weapon.
  3542 | D:4      | 3542 ||| ENCHANTING +2 shortbow.
  3543 | D:4      | 3543 ||| READING scroll labelled EBOED JODIAFE.
  3575 | D:5      | Entered Level 5 of the Dungeon
  3576 | D:5      | 3576 ||| INVOKING Spit Poison.
  3581 | D:5      | 3581 ||| INVOKING Spit Poison.
  3584 | D:5      | Reached XP level 7. HP: 58/64 MP: 7/7
  3699 | D:5      | 3699 ||| FLEEEEING.
  3704 | D:5      | 3704 ||| STAIRDANCE
  3743 | D:5      | Reached skill level 7 in Ranged Weapons
  3834 | D:5      | 3834 ||| INVOKING Spit Poison.
  3839 | D:5      | 3839 ||| INVOKING Spit Poison.
  3846 | D:5      | 3846 ||| INVOKING Spit Poison.
  3846 | D:5      | HP: 16/64 [hound (5)]
  3847 | D:5      | 3847 ||| READING scroll of teleportation.
  3848 | D:5      | HP: 6/64 [iguana (9)]
  3850 | D:5      | Reached skill level 1 in Armour
  3853 | D:5      | 3853 ||| INVOKING Spit Poison.
  3856 | D:5      | HP: 7/64 [ufetubus (2)]
  3858 | D:5      | 3858 ||| INVOKING Spit Poison.
  3861 | D:5      | 3861 ||| INVOKING Spit Poison.
  3862 | D:5      | HP: 5/64 [ice beast (3)]
  3862 | D:5      | Slain by an ice beast

Levels and vault maps discovered:
D:1:      psy_arrival_dodecagon, layout_basic
D:2:      layout_rooms
D:3:      layout_loops_corners, hangedman_decor_opposing
D:4:      kennysheep_big_flooded_room, layout_loops_corners, serial_shops, shop
D:5:      layout_layer_cave, mainiacjoe_overflow_catwalk, kennysheep_mini,
          minmay_circle_x

Skill      XL: |  1  2  3  4  5  6  7 |
---------------+----------------------+-----
Ranged Weapons | 4 5 6 7 |  7.3
Fighting       | 3 4 |  4.0
Dodging        | 2 |  2.2
Armour         | 1 |  1.1
Stealth        | |  1.5

Action                     |  1- 3 |  4- 6 |  7- 9 || total
---------------------------+-------+-------+-------++-------
   Fire: Shortbow          |    30 |   142 |    36 ||   208
Ability: Spit Poison       |    13 |    52 |     6 ||    71
    Use: Scroll            |     4 |     7 |     1 ||    12
 Armour: Leather armour    |       |    39 |    11 ||    50
  Dodge: Dodged            |       |    49 |    27 ||    76

Table legend:
 A = Non-vault XP
 B = Vault XP
 C = Vault XP percentage of total XP
 D = Non-vault monster count
 E = Vault monster count
 F = Vault count percentage of total count
                 A         B        C        D         E       F
            +---------+---------+-------+---------+---------+-------
      Total |     802 |     226 |  22.0 |      81 |       8 |   9.0
            +---------+---------+-------+---------+---------+-------
        D:1 |      37 |       0 |   0.0 |      14 |       0 |   0.0
        D:2 |      92 |       0 |   0.0 |      14 |       0 |   0.0
        D:3 |     145 |       0 |   0.0 |      32 |       0 |   0.0
        D:4 |     260 |      55 |  17.5 |      17 |       2 |  10.5
        D:5 |     268 |     171 |  39.0 |       4 |       6 |  60.0
            +---------+---------+-------+---------+---------+-------
